 Dungeon Crawl Stone Soup version 0.31.0-9-g3a7656b989 (webtiles) character file.

Game seed: 12280615773554959008

645 qw the Shooter (level 7, 0/35 HPs)
             Began as a Spriggan Hunter on Feb 2, 2024.
             Succumbed to a water moccasin's poison
             ... on level 5 of the Dungeon.
             The game lasted 00:00:12 (3244 turns).

qw the Shooter (Spriggan Hunter)                    Turns: 3244, Time: 00:00:13

Health: 0/35       AC:  3    Str:  7    XL:     7   Next: 27%
Magic:  8/8        EV: 22    Int: 11    God:
Gold:   32         SH:  0    Dex: 20    Spells: 6/6 levels left

rFire   . . .        d - +1 shortbow (freeze)
rCold   . . .        (shield currently unavailable)
rNeg    . . .        c - +0 robe
rPois   .            (helmet restricted)
rElec   .            h - +0 cloak
rCorr   .            (gloves unavailable)
SInv    +            (boots unavailable)
Will    +....        i - amulet of the acrobat
Stlth   ++           (no ring)
HPRegen 0.25/turn    (no ring)
MPRegen 0.11/turn

%: acrobat
@: lethally poisoned (0 -> -5), very quick
A: very small, no large weapons, unfitting armour, see invisible, speed 3
a: no special abilities


You were on level 5 of the Dungeon.
You visited 1 branch of the dungeon, and saw 5 of its levels.

You collected 185 gold pieces.
You spent 153 gold pieces at shops.


Innate Abilities, Weirdness & Mutations

You are very small and have problems with some larger weapons.
You are too small for most types of armour.
You have supernaturally acute eyesight. (SInv)
You cover ground extremely quickly. (Speed+++)


   Skills:
 - Level 2.0 Fighting
 + Level 7.2 Ranged Weapons
 - Level 7.0 Dodging
 - Level 1.5 Stealth


You had 6 spell levels left.
You didn't know any spells.
Your spell library was empty.

Inventory:

Hand Weapons
 d - a +1 shortbow of freezing (weapon)
Armour
 c - a +0 robe (worn)
 h - a +0 cloak (worn)
Jewellery
 i - an amulet of the acrobat (around neck)
Scrolls
 g - 4 scrolls of teleportation
Potions
 a - a potion of degeneration {unknown}
 b - 2 potions of mutation
 e - a potion of haste
 f - a potion of heal wounds {unknown}
 j - 4 potions of curing
 k - a potion of enlightenment {unknown}
 l - a potion of brilliance {unknown}
 m - a potion of resistance {unknown}

Dungeon Overview and Level Annotations

Branches:
Dungeon (5/15)             Temple (0/1) D:5

Altars:
Hepliaklqana

Shops:
D:4 *=

Annotations:
D:4 1 runed translucent door, qw's ghost, amateur DEHu


Message History

The water moccasin closely misses you.
You shoot an arrow.
The arrow closely misses the water moccasin.
The water moccasin completely misses you.
The orc misses you.
You shoot an arrow.
The arrow hits the water moccasin but does no damage.
The water moccasin is moderately wounded.
The water moccasin is no longer moving slowly.
The water moccasin bites you! The orc hits you with a +0 whip.
You shoot an arrow.
The arrow closely misses the water moccasin.
The water moccasin closely misses you. The orc hits you with a +0 whip.
The water moccasin bites you.
You are lethally poisoned!
The water moccasin poisons you!
You shoot an arrow. The arrow hits the water moccasin.
The water moccasin seems to slow down.
The arrow freezes the water moccasin.
The water moccasin is heavily wounded.
You feel very sick. The orc barely misses you. The orc completely misses you.
The water moccasin closely misses you.
You shoot an arrow. The arrow misses the water moccasin.
You feel very sick. The orc completely misses you.
The orc hits you with a +0 flail. The water moccasin barely misses you.
3242 ||| READING 5 scrolls of teleportation.
As you read the scroll of teleportation, it crumbles to dust.
You feel strangely unstable.
You feel sick. The orc misses you. The water moccasin misses you.
You shoot an arrow.
The arrow barely misses the water moccasin.
You feel sick. The orc completely misses you. The orc barely misses you.
The water moccasin closely misses you.
You shoot an arrow. The arrow hits the water moccasin.
The water moccasin seems to slow down.
The arrow freezes the water moccasin.
The water moccasin is severely wounded.
Your surroundings suddenly seem different.
Found a staircase to the Ecumenical Temple.
You die...

## ### #.
.. ##. ..
#.. #.#
..##..####
#.........
#...#.#...
#.@#.#.#..
#.#.#.#.#.
#..#.>.#..
#.#.#.#.#.
...#.#.#..
#....#.#...
#..........
#......####


There were no monsters in sight!

Vanquished Creatures
  A black bear (D:4)
  2 ogres (D:4)
  A phantom (D:3)
  A howler monkey (D:4)
  A bombardier beetle (D:3)
  A hound (D:4)
  A sleepcap (D:4)
  4 gnolls
  6 adders
  A white imp (D:5)
  2 dart slugs
  A ribbon worm (D:2)
  7 orcs
  3 ball pythons (D:2)
  6 endoplasms
  9 giant cockroaches
  7 goblins
  4 hobgoblins
  5 jackals
  4 quokkas
  5 bats
  3 frilled lizards
  A kobold (D:3)
  4 rats
  A spectral kobold (D:1)
81 creatures vanquished.

Notes
Turn   | Place    | Note
-------+----------+-------------------------------------------
     0 | D:1      | qw the Spriggan Hunter began the quest for the Orb.
     0 | D:1      | Reached XP level 1. HP: 10/10 MP: 2/2
     0 | D:1      | 0 ||| qw: Version: 0.3-a-155-g5e7d8dd
     0 | D:1      | 0 ||| qw: Game counter: 1254
     0 | D:1      | 0 ||| qw: Melee chars always use a shield: true
     0 | D:1      | 0 ||| qw: God list: Okawaru
     0 | D:1      | 0 ||| qw: Allow faded altars: false
     0 | D:1      | 0 ||| qw: Do Orc after clearing Dungeon:15 true
     0 | D:1      | 0 ||| qw: Do second Lair branch before Depths: true
     0 | D:1      | 0 ||| qw: Lair rune preference: random
     0 | D:1      | 0 ||| qw: Goals: Normal
     0 | D:1      | 0 ||| PLANNING D:1-11
   156 | D:1      | Reached skill level 3 in Dodging
   311 | D:1      | Found a faded altar of an unknown god.
   313 | D:1      | Reached XP level 2. HP: 14/14 MP: 3/3
   541 | D:1      | 541 ||| UPGRADING to amulet of the acrobat.
   546 | D:1      | 546 ||| READING scroll labelled YKUUG TYTZURHU.
   547 | D:1      | 547 ||| READING scroll labelled CEALUPUZ ALELE.
   648 | D:1      | 648 ||| READING scroll labelled BUTAXUTUIXT.
   648 | D:1      | 648 ||| IDENTIFYING coppery potion
   649 | D:1      | 649 ||| READING 2 scrolls labelled DUSAINIUVUG.
   652 | D:1      | 652 ||| READING scroll labelled RAKAAL XECANT.
   753 | D:1      | 753 ||| DROPPING scroll of butterflies.
   775 | D:2      | 775 ||| STAIRDANCE
   779 | D:2      | 779 ||| STAIRDANCE
   793 | D:2      | 793 ||| STAIRDANCE
  1276 | D:2      | Reached XP level 3. HP: 18/18 MP: 4/4
  1627 | D:2      | 1627 ||| UPGRADING to +0 cloak.
  1632 | D:2      | 1632 ||| READING scroll of identify.
  1632 | D:2      | 1632 ||| IDENTIFYING black potion
  1633 | D:2      | 1633 ||| READING 2 scrolls labelled XOIRPHE APOZUD.
  1634 | D:2      | 1634 ||| READING scroll labelled WAW FIUTWIK.
  1634 | D:2      | Identified a scroll of acquirement
  1634 | D:2      | 1634 ||| ACQUIRING +1 shortbow of flaming
  1634 | D:2      | Acquired a +1 shortbow of flaming
  1636 | D:2      | 1636 ||| SWAPPING to +1 shortbow of flaming.
  1637 | D:2      | 1637 ||| DROPPING +0 shortbow.
  1638 | D:2      | 1638 ||| DROPPING scroll of revelation.
  1693 | D:3      | Noticed a phantom
  1694 | D:3      | 1694 ||| DRINKING potion of haste.
  1697 | D:3      | Killed a phantom
  1698 | D:3      | Reached XP level 4. HP: 22/22 MP: 5/5
  1850 | D:3      | Reached XP level 5. HP: 25/25 MP: 6/6
  2178 | D:3      | 2178 ||| READING 4 scrolls of identify.
  2178 | D:3      | 2178 ||| IDENTIFYING bubbling green potion
  2179 | D:3      | 2179 ||| READING 3 scrolls of identify.
  2179 | D:3      | 2179 ||| IDENTIFYING scroll labelled ADGHIF IPLIXATZ
  2180 | D:3      | 2180 ||| READING scroll of brand weapon.
  2180 | D:3      | 2180 ||| BRANDING +1 shortbow of flaming.
  2181 | D:3      | 2181 ||| READING 2 scrolls of identify.
  2181 | D:3      | 2181 ||| IDENTIFYING 3 scrolls labelled PIELAO TUACHU
  2182 | D:3      | 2182 ||| DROPPING 3 scrolls of immolation.
  2183 | D:3      | 2183 ||| DROPPING potion of ambrosia.
  2234 | D:4      | Found Tyefyergh's Jewellery Shop.
  2262 | D:4      | 2262 ||| SHOPLISTING amulet of guardian spirit (390 gold,
                  | have 131).
  2262 | D:4      | 2262 ||| SHOPLISTING amulet of reflection (390 gold, have
                  | 131).
  2262 | D:4      | 2262 ||| SHOPLISTING ring of positive energy (260 gold,
                  | have 131).
  2262 | D:4      | 2262 ||| SHOPLISTING ring of protection from cold (325
                  | gold, have 131).
  2262 | D:4      | 2262 ||| SHOPLISTING ring of protection from fire (325
                  | gold, have 131).
  2262 | D:4      | 2262 ||| SHOPLISTING ring of resist corrosion (260 gold,
                  | have 131).
  2283 | D:4      | Reached skill level 6 in Ranged Weapons
  2351 | D:4      | Noticed an ogre
  2354 | D:4      | Killed an ogre
  2355 | D:4      | Reached skill level 6 in Dodging
  2355 | D:4      | Reached XP level 6. HP: 30/30 MP: 7/7
  2567 | D:4      | 2567 ||| RETREEEEATING.
  2568 | D:4      | 2568 ||| RETREEEEATING.
  2569 | D:4      | 2569 ||| RETREEEEATING.
  2570 | D:4      | 2570 ||| DRINKING 2 potions of haste.
  2572 | D:4      | Reached XP level 7. HP: 24/35 MP: 8/8
  2842 | D:4      | Found a runed translucent door.
  2846 | D:4      | Noticed qw's ghost (amateur DEHu)
  2857 | D:4      | 2857 ||| READING 2 scrolls of identify.
  2857 | D:4      | 2857 ||| IDENTIFYING glowing orange potion
  2858 | D:4      | 2858 ||| READING scroll of identify.
  2858 | D:4      | 2858 ||| IDENTIFYING scroll labelled LACUEKAE XEADD
  2859 | D:4      | 2859 ||| DROPPING scroll of poison.
  2995 | D:4      | Found Wocixe's Assorted Antiques.
  3001 | D:4      | 3001 ||| BUYING bubbling inky potion (24 gold).
  3001 | D:4      | Bought a bubbling inky potion for 24 gold pieces
  3001 | D:4      | 3001 ||| BUYING metallic yellow potion (24 gold).
  3001 | D:4      | Bought a metallic yellow potion for 24 gold pieces
  3001 | D:4      | 3001 ||| BUYING potion of curing (81 gold).
  3001 | D:4      | Bought a potion of curing for 81 gold pieces
  3001 | D:4      | 3001 ||| SHOPLISTING potion of curing (81 gold, have 27).
  3001 | D:4      | 3001 ||| BUYING yellow potion (24 gold).
  3001 | D:4      | Bought a yellow potion for 24 gold pieces
  3001 | D:4      | 3001 ||| SHOPLISTING yellow potion (24 gold, have 3).
  3098 | D:4      | Found a hazy altar of Hepliaklqana.
  3167 | D:5      | Entered Level 5 of the Dungeon
  3241 | D:5      | HP: 7/35 [poisoned by a water moccasin]
  3242 | D:5      | 3242 ||| READING 5 scrolls of teleportation.
  3242 | D:5      | HP: 2/35 [poisoned by a water moccasin]
  3244 | D:5      | Found a staircase to the Ecumenical Temple.
  3244 | D:5      | Succumbed to a water moccasin's poison

Levels and vault maps discovered:
D:1:      dpeg_arrival_signposts, layout_rooms,
          dreamdust_ecumenical_altar_drowned_temple
D:2:      layout_basic
D:3:      minmay_door_path, layout_rooms
D:4:      layout_basic, worldfamousw_hep_ancestral_shrine, serial_shops,
          nicolae_shop_waterfront, shop, hellmonk_ghost_happy_afterlife
D:5:      layout_layer_cave, minitemple, minmay_temple_entry_grid

Skill      XL: |  1  2  3  4  5  6  7 |
---------------+----------------------+-----
Dodging        | 3 4 5 6 7 |  7.0
Ranged Weapons | 5 6 7 |  7.2
Fighting       | 2 |  2.0
Stealth        | |  1.5

Action                     |  1- 3 |  4- 6 |  7- 9 || total
---------------------------+-------+-------+-------++-------
   Fire: Shortbow          |    96 |    95 |    51 ||   242
    Use: Scroll            |     8 |     4 |     3 ||    15
         Potion            |     1 |     1 |       ||     2
 Armour: Robe              |    12 |     6 |     9 ||    27
  Dodge: Dodged            |    54 |    27 |    23 ||   104

Table legend:
 A = Non-vault XP
 B = Vault XP
 C = Vault XP percentage of total XP
 D = Non-vault monster count
 E = Vault monster count
 F = Vault count percentage of total count
                 A         B        C        D         E       F
            +---------+---------+-------+---------+---------+-------
      Total |     853 |      69 |   7.5 |      76 |       5 |   6.2
            +---------+---------+-------+---------+---------+-------
        D:1 |      14 |       1 |   6.7 |       7 |       1 |  12.5
        D:2 |      36 |       0 |   0.0 |      21 |       0 |   0.0
        D:3 |     180 |      68 |  27.4 |      22 |       4 |  15.4
        D:4 |     613 |       0 |   0.0 |      25 |       0 |   0.0
        D:5 |      10 |       0 |   0.0 |       1 |       0 |   0.0
            +---------+---------+-------+---------+---------+-------
